 Dungeon Crawl Stone Soup version 0.28.0-47-ge53b351184 (webtiles) character file.

Game seed: 182075308600240602

26 klau3 the Grave Robber (level 2, 0/19 HPs)
             Began as a Demonspawn Necromancer on May 6, 2022.
             Slain by an ufetubus (4 damage)
             ... on level 2 of the Dungeon.
             The game lasted 00:06:54 (1536 turns).

klau3 the Grave Robber (Demonspawn Necromancer)     Turns: 1536, Time: 00:06:55

Health: 0/19       AC:  8    Str:  8    XL:     2   Next: 89%
Magic:  1/5        EV: 10    Int: 16    God:
Gold:   7          SH:  0    Dex: 13    Spells: 3/5 levels left

rFire   . . .      SeeInvis .   (no weapon)
rCold   . . .      Faith    .   (no shield)
rNeg    . . .      Spirit   .   e - +0 ring mail
rPois   .          Reflect  .   d - +1 hat
rElec   .          Harm     .   (no cloak)
rCorr   .          Rampage  .   (no gloves)
Will    .....                   (no boots)
Stlth   +.........              (no amulet)
HPRegen 0.06/turn               (no ring)
MPRegen 0.09/turn               (no ring)

@: no status effects
A: molten scales 1
a: no special abilities


You were on level 2 of the Dungeon.
You visited 1 branch of the dungeon, and saw 2 of its levels.

You collected 7 gold pieces.

Inventory:

Armour
 a - a +0 robe
 d - a +1 hat (worn)
 e - a +0 ring mail (worn)
Scrolls
 b - a scroll of enchant armour {unknown}
 c - a scroll of identify {unknown}
 g - a scroll of amnesia {unknown}
 h - a scroll of vulnerability {unknown}
 i - 3 scrolls of immolation {unknown}
Potions
 f - a potion of degeneration {unknown}
 j - a potion of berserk rage {unknown}


   Skills:
 + Level 1.1 Armour
 + Level 1.7 Dodging
 + Level 1.8 Stealth
 + Level 2.4 Spellcasting
 + Level 4.7 Necromancy


You had 3 spell levels left.
You knew the following spells:

 Your Spells              Type           Power      Damage    Failure   Level
a - Pain                  Necr           68%        1d7       9%          1
b - Animate Skeleton      Necr           34%        N/A       9%          1

Your spell library contained the following spells:

 Spells                   Type           Power      Damage    Failure   Level
 Vampiric Draining        Necr           17%        2d7       26%         3
 Foxfire                  Conj/Fire      4%         2x1d4     52%         1
 Conjure Flame            Conj/Fire      1%         6-21      87%         3
 Inner Flame              Hex/Fire       1%         N/A       87%         3
 Animate Dead             Necr           8%         N/A       63%         4
 Agony                    Necr           17%        N/A       93%         5
 Flame Wave               Conj/Fire      1%         2d4       99%         4


Dungeon Overview and Level Annotations

Branches:
Dungeon (2/15)

Altars:


Innate Abilities, Weirdness & Mutations

You are partially covered in molten scales. (AC +2)


Message History

The ufetubus barely misses you.
The ufetubus hits you but does no damage.
The ufetubus hits you.
The ufetubus hits you but does no damage.
Aiming: Pain (safe; 9% risk of failure)
Press: ? - help, Q - select action, (/) - cycle Shift-Dir - straight line, f/p - ufetubus
Aim: an ufetubus (not susceptible)
The ufetubus is unaffected.
The ufetubus barely misses you. x2
Unknown command.
Aiming: Pain (safe; 9% risk of failure)
Press: ? - help, Q - select action, (/) - cycle Shift-Dir - straight line, f/p - ufetubus
Aim: an ufetubus (not susceptible)
The ufetubus is unaffected.
The ufetubus hits you but does no damage. x2
The ufetubus barely misses you.
The ufetubus hits you but does no damage.
You closely miss the ufetubus. The ufetubus hits you.
* * * LOW HITPOINT WARNING * * *
The ufetubus barely misses you. The ufetubus hits you.
* * * LOW HITPOINT WARNING * * *
The ufetubus closely misses you.
Your magical contamination has completely faded away.
You hit the ufetubus but do no damage.
The ufetubus hits you but does no damage.
The ufetubus closely misses you.
You hit the ufetubus but do no damage. The ufetubus barely misses you.
The ufetubus misses you. The ufetubus completely misses you.
The ufetubus barely misses you.
You closely miss the ufetubus. The ufetubus barely misses you. x2
You closely miss the ufetubus.
The ufetubus hits you but does no damage. x2
The ufetubus barely misses you. The ufetubus closely misses you.
You closely miss the ufetubus. The ufetubus barely misses you.
The ufetubus hits you but does no damage.
You closely miss the ufetubus. The ufetubus misses you.
The ufetubus barely misses you.
The ufetubus hits you but does no damage.
The ufetubus hits you.
You die...

..# #.#
#.# #.#
#.# #.#
#.# #.#
#.#
..######.#
.......@.#
#.######5#
#........
#>###.#..
#.# #.#
..# .## .


You could see an ufetubus.

Vanquished Creatures
  An adder (D:2)
  A dart slug (D:1)
  An endoplasm (D:1)
  4 hobgoblins
  A quokka (D:2)
  2 ball pythons
  3 bats (D:1)
  A frilled lizard (D:2)
  A goblin (D:1)
  A rat (D:1)
16 creatures vanquished.

Notes
Turn   | Place    | Note
-------+----------+-------------------------------------------
     0 | D:1      | klau3 the Demonspawn Necromancer began the quest for the
                  | Orb.
     0 | D:1      | Reached XP level 1. HP: 13/13 MP: 3/3
   187 | D:1      | Found a faded altar of an unknown god.
   763 | D:1      | Gained mutation: You are partially covered in molten
                  | scales. (AC +2) [demonic ancestry]
   763 | D:1      | Reached XP level 2. HP: 16/19 MP: 3/5
  1007 | D:1      | Learned a level 1 spell: Animate Skeleton
  1447 | D:2      | Reached skill level 1 in Armour
  1536 | D:2      | Slain by an ufetubus

Illustrated notes

Levels and vault maps discovered:
D:1:      matt_arrival_refuge, layout_basic, basic_ecumenical_altar,
          kennysheep_minor_cross
D:2:      minmay_wonky_spiral, layout_loops_ring, uniq_terence

Skill      XL: |  1  2 |
---------------+-------+-----
Armour         | 1 |  1.1
Dodging        | |  1.7
Stealth        | |  1.8
Spellcasting   | |  2.4
Necromancy     | |  4.7

Action                   || total
-------------------------++-------
Melee: Unarmed           ||    23
       Punch             ||     1
 Cast: Pain              ||    36
       Animate Skeleton  ||     1
Armor: Ring mail         ||    32
Dodge: Dodged            ||    33
